 Dungeon Crawl Stone Soup version 0.32-a0-933-ga8fa3634e4 (webtiles) character file.

Game seed: 6184673302517294377

949 Autsider the Apothecary (level 7, -2/37 HPs)
             Began as a Spriggan Alchemist on Apr 15, 2024.
             Was an Initiate of Hepliaklqana.
             Slain by a gnoll sergeant
             ... wielding a +7 spear of freezing
              (10 damage)
             ... on level 5 of the Dungeon.
             The game lasted 00:12:28 (4459 turns).

Autsider the Apothecary (Spriggan Alchemist)        Turns: 4459, Time: 00:12:29

Health: -2/37      AC:  2    Str:  4    XL:     7   Next: 90%
Magic:  10/15      EV: 16    Int: 18    God:    Hepliaklqana [......]
Gold:   199        SH:  0    Dex: 16    Spells: 4/16 levels left

rFire   . . .        e - +0 sling
rCold   . . .        (no shield)
rNeg    . . .        a - +0 robe
rPois   .            (helmet restricted)
rElec   .            (no cloak)
rCorr   .            (gloves unavailable)
SInv    +            (boots unavailable)
Will    +....        (no amulet)
Stlth   ++           (no ring)
HPRegen 0.26/turn    (no ring)
MPRegen 0.14/turn

%: no passive effects
@: very quick
A: very small, no large weapons, unfitting armour, see invisible, speed 3
a: Renounce Religion


You were on level 5 of the Dungeon.
You worshipped Hepliaklqana.
Hepliaklqana was noncommittal.
You visited 2 branches of the dungeon, and saw 6 of its levels.

You collected 199 gold pieces.

Inventory:

Hand Weapons
 e - a +0 sling (weapon)
 j - a +0 dagger of venom
 o - the +7 staff of the Meek {protect, meekguard}
   (You found it on level 3 of the Dungeon)
Armour
 a - a +0 robe (worn)
Jewellery
 i - an amulet of magic regeneration
Wands
 n - a wand of warping (11)
 s - a wand of polymorph (5)
Scrolls
 d - a scroll of blinking
 g - 2 scrolls of enchant armour
 h - 2 scrolls of torment
 l - a scroll of revelation {unknown}
 m - a scroll of butterflies {unknown}
 p - 3 scrolls of identify {@r1}
 q - a scroll of poison {unknown}
 r - 2 scrolls of teleportation {unknown}
 u - 2 scrolls of fog {unknown}
Potions
 b - 3 potions of magic
 c - a potion of curing {@q1}
 f - a potion of invisibility
 k - a potion of lignification
 t - a potion of haste {unknown}


   Skills:
 + Level 3.9 Fighting
 - Level 3.0 Dodging
 - Level 3.0 Stealth
 - Level 5.0 Spellcasting
 + Level 2.7 Conjurations
 * Level 2.2 Fire Magic
 - Level 6.0 Alchemy


You had 4 spell levels left.
You knew the following spells:

 Your Spells              Type           Power      Damage    Failure   Level
a - Sting                 Conj/Alch      80%        1d8       2%          1
b - Olgreb's Toxic Radia  Alch           26%        N/A       11%         4
c - Sticky Flame          Fire/Alch      19%        2d6       24%         4
w - Mephitic Cloud        Conj/Alch/Air  14%        N/A       12%         3

Your spell library contained the following spells:

 Spells                   Type           Power      Damage    Failure   Level
 Mercury Vapours          Alch/Air       30%        N/A       6%          2
 Cigotuvi's Dreadful Rot  Necr/Alch/Air  22%        N/A       9%          2
 Call Imp                 Summ           8%         N/A       21%         2
 Sublimation of Blood     Necr           4%         N/A       21%         2
 Ignite Poison            Fire/Alch      19%        N/A       24%         4
 Freezing Cloud           Conj/Ice/Air   3%         6-21      95%         5
 Summon Hydra             Summ           2%         N/A       100%        7


Dungeon Overview and Level Annotations

Branches:
Dungeon (5/15)             Temple (1/1) D:5

Altars:
Ashenzari
Cheibriados
Dithmenos
Elyvilon
Gozag
Hepliaklqana
Kikubaaqudgha
Makhleb
Nemelex Xobeh
Okawaru
Qazlal
Sif Muna
Trog
Vehumet
Wu Jian
Xom
Zin

Shops:
D:4 [[[

Annotations:
D:3 exclusion: downstairs
D:4 exclusion: 2 downstairs


Innate Abilities, Weirdness & Mutations

You are very small and have problems with some larger weapons.
You are too small for most types of armour.
You have supernaturally acute eyesight. (SInv)
You cover ground extremely quickly. (Speed+++)


Message History

The scorpion is heavily wounded.
You kill the scorpion!
You open the large door.
A gnoll sergeant comes into view. It is wielding a +7 spear of freezing.
The sting hits the gnoll sergeant.
The gnoll sergeant is poisoned.
The gnoll sergeant is moderately wounded.
The gnoll sergeant shouts!
The sting hits the gnoll sergeant.
The gnoll sergeant looks even sicker.
The gnoll sergeant is heavily wounded.
The gnoll sergeant hits you from afar with a +7 spear of freezing!
The gnoll sergeant freezes you.
You are too injured to fight recklessly!
You are too injured to fight recklessly!
You are too injured to fight recklessly!
You are too injured to fight recklessly!
Casting: Sting (safe; 2% risk of failure)
Confirm with . or Enter, or press ? or * to list all spells.
Aiming: Sting (safe; 2% risk of failure)
Press: ? - help, Shift-Dir - straight line, f/p - gnoll sergeant
Aim: a gnoll sergeant, wielding a +7 spear of freezing, wearing a +0 scale mail and wearing a +0 kite shield (heavily wounded, very poisoned, 85% to hit)
The sting misses the gnoll sergeant.
Casting: Sting (safe; 2% risk of failure)
Confirm with . or Enter, or press ? or * to list all spells.
Aiming: Sting (safe; 2% risk of failure)
Press: ? - help, Shift-Dir - straight line, f/p - gnoll sergeant
Aim: a gnoll sergeant, wielding a +7 spear of freezing, wearing a +0 scale mail and wearing a +0 kite shield (heavily wounded, very poisoned, 85% to hit)
The gnoll sergeant blocks the sting.
The gnoll sergeant closely misses you.
Casting: Sting (safe; 2% risk of failure)
Confirm with . or Enter, or press ? or * to list all spells.
Aiming: Sting (safe; 2% risk of failure)
Press: ? - help, Shift-Dir - straight line, f/p - gnoll sergeant
Aim: a gnoll sergeant, wielding a +7 spear of freezing, wearing a +0 scale mail and wearing a +0 kite shield (heavily wounded, very poisoned, 85% to hit)
The sting hits the gnoll sergeant.
The gnoll sergeant looks even sicker.
The gnoll sergeant is heavily wounded.
The gnoll sergeant hits you from afar with a +7 spear of freezing!!
Ouch! That really hurt!
* * * LOW HITPOINT WARNING * * *
The gnoll sergeant freezes you!
You die...
Hepliaklqana delivers you to your ancestors.

#......# ##.....#### ..###
###.....# ..# .....
#.......##..##.....>
#..†.....#''#........
.......#...................
...##..##.....g............
#......................
#.......@..............
##........###.........#
...........##........).
.......##......#....#.##
##.....####...##.......#
.... ###..##........ #..
##.#...#........ ...
#......#.......... ..
.#............#.


You could see a gnoll sergeant (very poisoned).

Vanquished Creatures
  Sigmund (D:3)
  A water moccasin (D:5)
  An ice beast (D:5)
  A gnoll sergeant (D:5)
  2 scorpions
  A jelly (D:5)
  2 hounds (D:5)
  A sleepcap (D:5)
  Jessica (D:3)
  Terence (D:2)
  2 iguanas (D:4)
  Robin (D:3)
  5 adders
  4 gnolls (D:5)
  A white imp (D:4)
  A ribbon worm (D:5)
  A dart slug (D:1)
  6 orcs
  7 endoplasms
  2 giant cockroaches
  11 goblins
  10 hobgoblins
  6 jackals
  6 kobolds
  3 quokkas
  5 ball pythons
  2 bats
  2 frilled lizards
  4 rats (D:1)
91 creatures vanquished.

Notes
Turn   | Place    | Note
-------+----------+-------------------------------------------
     0 | D:1      | Autsider the Spriggan Alchemist began the quest for the
                  | Orb.
     0 | D:1      | Reached XP level 1. HP: 9/9 MP: 5/5
   259 | D:1      | Reached XP level 2. HP: 14/14 MP: 4/6
   648 | D:1      | Reached skill level 1 in Fighting
   857 | D:1      | Reached XP level 3. HP: 18/18 MP: 5/8
  1094 | D:2      | Reached skill level 4 in Alchemy
  1289 | D:2      | Noticed Terence
  1308 | D:2      | Killed Terence
  1309 | D:2      | Reached XP level 4. HP: 23/23 MP: 2/9
  1401 | D:2      | Found a shimmering altar of Xom.
  1931 | D:3      | Noticed Robin
  1939 | D:3      | Killed Robin
  2069 | D:3      | Found an iron altar of Okawaru.
  2126 | D:3      | Found the +7 staff of the Meek {protect, meekguard}
  2194 | D:3      | Found an ornate altar of the Wu Jian Council.
  2197 | D:3      | Noticed Sigmund
  2204 | D:3      | Learned a level 4 spell: Olgreb's Toxic Radiance
  2208 | D:3      | Learned a level 3 spell: Mephitic Cloud
  2235 | D:3      | Killed Sigmund
  2236 | D:3      | Reached skill level 1 in Conjurations
  2236 | D:3      | Reached skill level 5 in Alchemy
  2236 | D:3      | Reached XP level 5. HP: 18/28 MP: 4/11
  2236 | D:3      | Reached XP level 6. HP: 21/32 MP: 4/12
  2529 | D:3      | Noticed Jessica
  2534 | D:3      | Killed Jessica
  2792 | D:4      | Found Sakheom's Antique Armour Shoppe.
  2792 | D:4      | Found Olishame's Antique Armour Shoppe.
  2792 | D:4      | Found Zawk's Armour Shoppe.
  3473 | D:5      | Entered Level 5 of the Dungeon
  3551 | D:5      | Reached XP level 7. HP: 33/36 MP: 6/14
  3693 | D:5      | Found a staircase to the Ecumenical Temple.
  3703 | Temple   | Entered the Ecumenical Temple
  3711 | Temple   | Became a worshipper of Hepliaklqana the Forgotten
  3781 | D:4      | Learned a level 4 spell: Sticky Flame
  3863 | D:5      | Reached skill level 6 in Alchemy
  3894 | D:5      | Reached skill level 1 in Fire Magic
  4232 | D:5      | Reached skill level 5 in Spellcasting
  4459 | D:5      | Slain by a gnoll sergeant

Illustrated notes

Levels and vault maps discovered:
D:1:      lightli_arrival_flooded_house, layout_loops_ring
D:2:      layout_loops_ring, basic_altar, uniq_terence
D:3:      layout_rooms, lemuel_tele_altar, okawaru_metal_pillars_1_2,
          chequers_serial_rivers_micro_e, uniq_sigmund, uniq_jessica, uniq_robin
D:4:      layout_basic, nicolae_shop_distant_corner_stores
D:5:      layout_cave_pools, mainiacjoe_overflow_alcove_1, temple_hall,
          serial_gnoll_camp, gnoll_camp_mini_hut, gnoll_camp_mini_hut,
          gnoll_camp_mini_hut, gnoll_camp_mini_hut, st_stairs_13,
          minmay_strange_pillars
Temple:   nicolae_temple_no_exploring_needed

Skill      XL: |  1  2  3  4  5  6  7 |
---------------+----------------------+-----
Dodging        | 3 |  3.0
Spellcasting   | 3 4 5 |  5.0
Fighting       | 1 2 3 |  3.9
Alchemy        | 4 5 6 |  6.0
Conjurations   | 1 2 |  2.7
Fire Magic     | 2 |  2.2
Stealth        | |  3.0

Action                     |  1- 3 |  4- 6 |  7- 9 || total
---------------------------+-------+-------+-------++-------
  Melee: Unarmed           |     1 |       |       ||     1
   Fire: Sling             |    47 |    89 |    29 ||   165
   Cast: Sting             |    49 |    52 |    42 ||   143
         Olgreb's Toxic Ra |       |     5 |     3 ||     8
         Sticky Flame      |       |       |     1 ||     1
    Use: Scroll            |     4 |     2 |       ||     6
 Armour: Robe              |    11 |    19 |    15 ||    45
  Dodge: Dodged            |    24 |    30 |    22 ||    76

Table legend: (Time is in decaauts)
 A = Elapsed time spent in this place.
 B = Non-inter-level travel time spent in this place.
 C = Inter-level travel time spent in this place.
 D = Time resting spent in this place.
 E = Time spent auto-exploring this place.
 F = Levels seen in this place.
 G = Mean time per level.
                   A        B        C        D        E       F      G
               +--------+--------+--------+--------+--------+-----+--------+
         Total |   3504 |   3342 |    162 |    197 |   2475 |   6 |  584.0 |
       Dungeon |   3493 |   3341 |    152 |    197 |   2475 |   5 |  698.6 |
        Temple |     11 |      2 |      9 |      0 |      0 |   1 |   11.0 |
               +--------+--------+--------+--------+--------+-----+--------+

Top non-repeatable levels by time:
     D:1: 778 daAuts
     D:3: 755 daAuts
     D:4: 681 daAuts
     D:5: 664 daAuts
     D:2: 613 daAuts
  Temple: 11 daAuts
